 Dungeon Crawl Stone Soup version 0.31.0-11-ge490571c62 (webtiles) character file.

Game seed: 16943324672646704305

19 SnakkuSnakku7 the Caller (level 2, 0/24 HPs)
             Began as a Ghoul Summoner on Jan 26, 2024.
             Slain by a bat (1 damage)
             ... on level 2 of the Dungeon.
             The game lasted 00:01:02 (761 turns).

SnakkuSnakku7 the Caller (Ghoul Summoner)            Turns: 761, Time: 00:01:03

Health: 0/24       AC: 10    Str: 11    XL:     2   Next: 75%
Magic:  4/4        EV:  2    Int: 14    God:
Gold:   29         SH:  0    Dex:  9    Spells: 3/4 levels left

rFire   . .          .
                       - Unarmed
rCold   + + .        (no shield)
rNeg    + + +        e - +0 plate armour
rPois   ∞            (no helmet)
rElec   .            (no cloak)
rCorr   .            (no gloves)
SInv    +            (no boots)
Will    +....        (no amulet) Stlth
                     c - ring of protection from cold
HPRegen 0.00/turn    f - ring of see invisible
MPRegen 0.09/turn

%: no passive effects
@: enlightened, flying, inhibited regen
A: claws 1, cold resistance 1, negative energy resistance 3, inhibited
regeneration, torment resistance 2, devour on kill
a: no special abilities


You were on level 2 of the Dungeon.
You visited 1 branch of the dungeon, and saw 2 of its levels.

You collected 29 gold pieces.

Inventory:

Armour
 a - a +0 robe
 e - a +0 plate armour (worn)
Jewellery
 c - a ring of protection from cold (left claw)
 f - a ring of see invisible (right claw)
Scrolls
 g - a scroll of noise {unknown}
 h - a scroll of revelation {unknown}
 i - 3 scrolls of teleportation {unknown}
 j - a scroll of torment {unknown}
 l - a scroll of identify {unknown}
Potions
 b - a potion of magic
 d - a potion of resistance {unknown}
 k - a potion of enlightenment


   Skills:
 + Level 1.6 Fighting
 - Level 1.7 Dodging
 - Level 2.1 Stealth
 + Level 1.6 Unarmed Combat
 - Level 1.7 Spellcasting
 - Level 3.6 Summonings


You had 3 spell levels left.
You knew the following spells:

 Your Spells              Type           Power      Damage    Failure   Level
a - Summon Small Mammal   Summ           44%        N/A       100%        1

Your spell library contained the following spells:

 Spells                   Type           Power      Damage    Failure   Level
 Call Imp                 Summ           22%        N/A       100%        2
 Call Canine Familiar     Summ           11%        N/A       100%        3
 Summon Blazeheart Golem  Fire/Summ      6%         N/A       100%        4
 Summon Lightning Spire   Summ/Air       6%         N/A       100%        4


Dungeon Overview and Level Annotations

Branches:
Dungeon (2/15)

Altars:

Annotations:
D:2 Natasha


Innate Abilities, Weirdness & Mutations

You are immune to poison.
You have sharp fingernails.
Your flesh is cold resistant. (rC+)
You are immune to negative energy. (rN+++)
You do not regenerate when monsters are visible.
You are immune to unholy pain and torment.
You thrive by killing the living.


Message History

You are too injured to fight recklessly!
You scratch Natasha but do no damage. The bat hits you but does no damage.
Natasha casts a spell at you. The magic dart hits you.
You scratch Natasha.
Natasha is lightly wounded.
The bat hits you but does no damage. Natasha claws you.
* * * LOW HITPOINT WARNING * * *
You scratch Natasha but do no damage.
Natasha is lightly wounded.
The bat hits you but does no damage.
You scratch Natasha but do no damage.
Natasha is lightly wounded.
Natasha claws you but does no damage. The bat hits you.
* * * LOW HITPOINT WARNING * * *
It was a potion of enlightenment.
You feel very buoyant.
You fly up into the air.
The bat hits you but does no damage. The bat hits you.
* * * LOW HITPOINT WARNING * * *
Natasha claws you but does no damage.
You barely miss Natasha.
Natasha is lightly wounded.
The bat hits you but does no damage.
Natasha stares at you and mumbles some strange words.
You resist with almost no effort.
You barely miss Natasha.
Natasha is lightly wounded.
The bat hits you but does no damage. Natasha claws you but does no damage.
You barely miss Natasha.
Natasha is lightly wounded.
The bat hits you.
* * * LOW HITPOINT WARNING * * *
Natasha claws you but does no damage.
You scratch Natasha.
Natasha is moderately wounded.
The bat hits you but does no damage. Natasha claws you but does no damage.
You scratch Natasha.
Natasha is moderately wounded.
Natasha claws you but does no damage. The bat hits you.
You die...

#...###....#...[.....
..............######.
...###...>##.# #.
##.......# #.
##...#..### ##
##...##..#
#..........
#..#######.. #@.# ..
#.hb.# .......#
.........# .........>
...........
....(....##
.........#


You could see Natasha and a bat.

Vanquished Creatures
  3 endoplasms (D:1)
  2 giant cockroaches (D:1)
  A goblin (D:1)
  3 hobgoblins (D:1)
  2 kobolds (D:1)
  2 ball pythons (D:1)
  2 rats (D:1)
15 creatures vanquished.

Vanquished Creatures (collateral kills)
  A rat (D:1)
1 creature vanquished.

Grand Total: 16 creatures vanquished

Notes
Turn   | Place    | Note
-------+----------+-------------------------------------------
     0 | D:1      | SnakkuSnakku7 the Ghoul Summoner began the quest for the
                  | Orb.
     0 | D:1      | Reached XP level 1. HP: 14/14 MP: 3/3
    51 | D:1      | Reached skill level 1 in Fighting
    51 | D:1      | Reached skill level 1 in Unarmed Combat
    51 | D:1      | Reached XP level 2. HP: 15/23 MP: 4/4
   744 | D:2      | Noticed Natasha
   759 | D:2      | HP: 1/24 [bat (1)]
   761 | D:2      | Slain by a bat

Illustrated notes

Levels and vault maps discovered:
D:1:      erik_arrival_blinker_ship, layout_loops_ring, minivault_26,
          nrook_uturn
D:2:      layout_rooms, grunt_ministairs_8, uniq_natasha

Skill      XL: |  1 |
---------------+----+-----
Fighting       | 1 |  1.6
Unarmed Combat | 1 |  1.6
Dodging        | |  1.7
Stealth        | |  2.1
Spellcasting   | |  1.7
Summonings     | |  3.6

Action                     || total
---------------------------++-------
  Melee: Unarmed           ||    75
         Punch             ||     2
   Cast: Summon Small Mamm ||     1
    Use: Potion            ||     1
 Armour: Robe              ||    12
         Plate armour      ||    63
  Dodge: Dodged            ||    16
